 Dungeon Crawl Stone Soup version 0.32-a0-411-g744942f433 (webtiles) character file.

Game seed: 8707628021459579760

7516 retardedninja the Cleaver (level 10, -3/69 (91) HPs)
             Began as a Mountain Dwarf Fighter on Feb 20, 2024.
             Was a Priest of Cheibriados.
             Slain by an ice beast (14 damage)
             ... summoned by Fannar
             ... on level 10 of the Dungeon.
             The game lasted 00:14:25 (9840 turns).

retardedninja the Cleaver (Mountain Dwarf Fighter)  Turns: 9840, Time: 00:14:28

HP:   -3/69 (91)    AC: 20    Str: 34    XL:     10   Next: 95%
MP:   3/14          EV:  9    Int: 18    God:    Cheibriados [***...]
Gold: 0             SH:  7    Dex: 16    Spells: 15/15 levels left

rFire   . . .        a - +5 war axe
rCold   . . .        c - +0 buckler
rNeg    . . .        n - +0 chain mail
rPois   .            v - +2 hat
rElec   .            (no cloak)
rCorr   .            g - +2 pair of gloves
SInv    .            (no boots)
Will    +....        (no amulet) Stlth
                     f - +4 ring of protection
HPRegen 0.31/turn    y - +6 ring of strength
MPRegen 0.14/turn

%: no passive effects
@: about to teleport, on berserk cooldown, heavily drained, very slow
A: runic magic, artefact enchanting
a: Renounce Religion, Bend Time, Temporal Distortion


You were on level 10 of the Dungeon.
You worshipped Cheibriados.
Cheibriados was most pleased with you.
You visited 2 branches of the dungeon, and saw 11 of its levels.

Inventory:

Hand Weapons
 a - a +5 war axe (weapon)
Armour
 c - a +0 buckler (worn)
 g - a +2 pair of gloves (worn)
 n - a +0 chain mail (worn)
 v - a +2 hat (worn)
Jewellery
 f - a +4 ring of protection (left hand)
 y - a +6 ring of strength (right hand)
Wands
 j - a wand of iceblast (9)
 C - a wand of paralysis (14)
 D - a wand of flame (19)
 I - a wand of mindburst (11)
Scrolls
 b - a scroll of teleportation
 o - a scroll of blinking {unknown}
 t - 2 scrolls of poison
 x - 2 scrolls of revelation
 B - 2 scrolls of amnesia
 E - a scroll of enchant armour
 F - a scroll of silence {unknown}
 G - a scroll of immolation {unknown}
 H - a scroll of noise {unknown}
Potions
 d - 2 potions of attraction {unknown}
 e - 2 potions of enlightenment {unknown}
 h - a potion of magic {unknown}
 k - 2 potions of cancellation
 l - 5 potions of lignification
 m - 3 potions of invisibility {unknown}
 p - 7 potions of curing
 q - a potion of brilliance {unknown}
 s - 2 potions of degeneration {unknown}
 u - a potion of ambrosia {unknown}
 z - a potion of haste {unknown}
 A - 2 potions of resistance {unknown}


   Skills:
 + Level 9.4 Fighting
 + Level 9.8 Axes
 + Level 9.4 Armour
 + Level 9.4 Shields
 + Level 3.0 Spellcasting
 + Level 3.4 Conjurations


You had 15 spell levels left.
You didn't know any spells.
Your spell library contained the following spells:

 Spells                   Type           Power      Damage    Failure   Level
 Kiss of Death            Conj/Necr      32%        2d7       12%         1
 Ensorcelled Hibernation  Hex/Ice        4%         N/A       34%         2
 Hailstorm                Conj/Ice       8%         3d5       34%         3
 Confusing Touch          Hex            2%         N/A       56%         3
 Fugue of the Fallen      Necr           2%         N/A       56%         3
 Ozocubu's Armour         Ice            2%         N/A       56%         3
 Summon Ice Beast         Ice/Summ       2%         N/A       56%         3
 Anguish                  Hex/Necr       1%         N/A       92%         4
 Dispel Undead            Necr           2%         3d7       92%         4
 Manifold Assault         Tloc           2%         N/A       92%         4
 Vhi's Electric Charge    Tloc/Air       4%         N/A       92%         4
 Arcjolt                  Conj/Air       4%         1d14      97%         5
 Metabolic Englaciation   Hex/Ice        1%         N/A       99%         5
 Summon Mana Viper        Hex/Summ       2%         N/A       99%         5
 Sculpt Simulacrum        Ice/Alch       1%         N/A       100%        6
 Monstrous Menagerie      Summ           1%         N/A       100%        7
 Maxwell's Capacitive Co  Air            1%         ∞         100%        8


Dungeon Overview and Level Annotations

Branches:
Dungeon (10/15)            Temple (1/1) D:7            Lair (0/5) D:8
    Orc: D:9-12

Altars:
Ashenzari
Cheibriados
Dithmenos
Elyvilon
Fedhas
Gozag
Hepliaklqana
Kikubaaqudgha
Makhleb
Okawaru
Qazlal
Ru
Sif Muna
Trog
Uskayaw
Wu Jian
Xom
Yredelemnul
Zin
The Shining One

Shops:
D:1 *   D:4 (   D:5 !

Annotations:
D:10 Fannar, Maurice


Innate Abilities, Weirdness & Mutations

Your spellcasting is much less encumbered by armour.
You can use scrolls of enchantment on lesser artefacts.


Message History

The yak gores you but does no damage.
Fannar gestures wildly while chanting.
Unknown command.
You slash something! You slash the ice beast!
You kill the ice beast!
The ice beast disappears in a puff of smoke!
You hit the yak. You slash the ice beast! You block something's attack.
Something bites you but does no damage.
The ice beast hits you but does no damage.
The yak gores you.
* * * LOW HITPOINT WARNING * * *
Something hits you.
* * * LOW HITPOINT WARNING * * *
Something grunts, "Curses!"
You feel drained. Something bites you but does no damage.
Your magical effects are unravelling.
You feel magically purged.
You feel less wooden.
Your +2 hat unmelds from your body.
Your +2 pair of gloves unmelds from your body.
Your +0 chain mail unmelds from your body.
You feel yourself speed up.
The ice beast hits you but does no damage.
The yak gores you but does no damage. Something hits you.
* * * LOW HITPOINT WARNING * * *
Something mutters, "Now where did you hide it?"
You feel drained.
* * * LOW HITPOINT WARNING * * *
Something bites you but does no damage.
The ice beast hits you but does no damage.
You block the yak's attack. The yak gores you but does no damage.
You block the yak's attack.
As you read the scroll of teleportation, it crumbles to dust.
You feel strangely unstable.
You hear some strange, mumbled words.
The ice beast hits you.
* * * LOW HITPOINT WARNING * * *
The ice beast freezes you!
You die...
Cheibriados appreciates the motionlessness of death.

#..## ##....#####.######.#†...#
..#+ ##...# #.# #...###### .##
##..# #.######...>....# ..#+
##†..# #..#......<...... #..##
##....## ##...####........
##..###..##..#####...............
##..#..##............).#.......#
#....###......§.....#(#.......#
#.#.## #.....Y@###.....##...###
.....####.....YYY...............
.........#.......................
......##.#.)))).e................
####.###..........Y##............
...##...........Y..##.........
.............##..####.........
...........####.####.........
....####.##...##..............


You could see Fannar, 4 yaks and 2 ice beasts.

Vanquished Creatures
  2 two-headed ogres
  Sonja (D:10)
  Pikel (D:7)
  Maggie (D:7)
  2 trolls (D:9)
  An unseen horror simulacrum (D:9)
  A yak (D:9)
  2 water moccasins
  Duvessa (D:4)
  3 orc warriors
  3 sky beasts
  An ice beast (D:7)
  An ogre (D:6)
  A centaur (D:7)
  A phantom (D:5)
  A lemure (D:7)
  2 kobold brigands
  2 bullfrogs (D:7)
  2 gnoll sergeants
  17 wights
  A scorpion (D:5)
  Dowan (D:4)
  15 killer bees
  2 howler monkeys
  3 bombardier beetles
  3 hounds
  An orc priest (D:7)
  2 sleepcaps
  5 iguanas
  9 orc wizards
  13 gnolls
  10 adders
  5 white imps
  2 ufetubi (D:6)
  5 ribbon worms
  19 orcs
  5 ball pythons
  8 bats
  7 endoplasms
  3 giant cockroaches
  3 goblins
  11 hobgoblins
  2 quokkas
  2 frilled lizards
  12 kobolds
  3 rats
198 creatures vanquished.

Vanquished Creatures (others)
  An orc wizard (D:9)
1 creature vanquished.

Grand Total: 199 creatures vanquished

Notes
Turn   | Place    | Note
-------+----------+-------------------------------------------
     0 | D:1      | retardedninja the Mountain Dwarf Fighter began the quest
                  | for the Orb.
     0 | D:1      | Reached XP level 1. HP: 19/19 MP: 1/1
    66 | D:1      | Found a faded altar of an unknown god.
    91 | D:1      | Reached XP level 2. HP: 26/26 MP: 2/2
   193 | D:1      | Found Qarph's General Store.
   462 | D:1      | Reached XP level 3. HP: 30/33 MP: 3/3
  1238 | D:2      | Reached XP level 4. HP: 38/40 MP: 4/4
  2165 | D:3      | Reached XP level 5. HP: 21/46 MP: 5/5
  2625 | D:3      | You fall into a shaft and drop 2 floors!
  2625 | D:5      | Entered Level 5 of the Dungeon
  2632 | D:5      | Noticed a water moccasin
  2640 | D:5      | Killed a water moccasin
  2641 | D:5      | Reached XP level 6. HP: 31/55 MP: 6/6
  2847 | D:5      | Found a shadowy altar of Dithmenos.
  2856 | D:5      | Reached skill level 5 in Fighting
  2856 | D:5      | Reached skill level 5 in Armour
  2856 | D:5      | Reached skill level 5 in Shields
  2878 | D:5      | Found Nixul's Distillery.
  2971 | D:4      | Found Allewn's Antique Weapon Boutique.
  3032 | D:4      | Noticed Duvessa
  3496 | D:4      | Killed Duvessa
  3497 | D:4      | Reached skill level 5 in Axes
  3497 | D:4      | Reached XP level 7. HP: 54/61 MP: 7/7
  3498 | D:4      | Noticed Dowan
  3744 | D:4      | Killed Dowan
  4378 | D:5      | Found a hide-covered altar of Uskayaw.
  4547 | D:5      | Reached XP level 8. HP: 64/68 MP: 8/8
  4663 | D:5      | Found a shimmering blue altar of Sif Muna.
  4669 | D:5      | Found a bloodstained altar of Trog.
  4983 | D:6      | Found an iron altar of Okawaru.
  5848 | D:7      | Noticed Pikel
  5861 | D:7      | Killed Pikel
  5862 | D:7      | Reached XP level 9. HP: 79/79 MP: 9/9
  6112 | D:7      | Found a staircase to the Ecumenical Temple.
  6182 | Temple   | Entered the Ecumenical Temple
  6191 | Temple   | Became a worshipper of Cheibriados the Contemplative
  6334 | D:7      | Found an ancient bone altar of Kikubaaqudgha.
  6376 | D:7      | Noticed Maggie
  6397 | D:7      | Killed Maggie
  7174 | D:8      | Found a staircase to the Lair.
  7212 | D:8      | Reached * piety under Cheibriados
  7515 | D:8      | Reached skill level 1 in Conjurations
  7539 | D:8      | Reached skill level 1 in Spellcasting
  7619 | D:8      | Reached XP level 10. HP: 69/90 MP: 11/11
  7650 | D:8      | Reached ** piety under Cheibriados
  8022 | D:8      | Found an ornate altar of the Wu Jian Council.
  8833 | D:9      | Noticed a two-headed ogre
  8840 | D:9      | Killed a two-headed ogre
  9238 | D:10     | Entered Level 10 of the Dungeon
  9238 | D:10     | Noticed Sonja
  9239 | D:10     | Noticed a two-headed ogre
  9250 | D:10     | Killed a two-headed ogre
  9253 | D:10     | Reached *** piety under Cheibriados
  9256 | D:10     | Killed Sonja
  9678 | D:10     | Found a stormy altar of Qazlal.
  9809 | D:10     | Noticed Fannar
  9813 | D:10     | Noticed a tengu warrior
  9820 | D:10     | Noticed Maurice
  9826 | D:10     | Something stole a +4 ring of protection
  9830 | D:10     | Something stole 483 gold
  9831 | D:10     | Something stole 100 gold
  9840 | D:10     | Slain by an ice beast

Illustrated notes

Levels and vault maps discovered:
D:1:      dpeg_arrival_round_b, layout_basic, serial_forest,
          infiniplex_forest_3_way, infiniplex_forest_lined_1,
          infiniplex_forest_clump_tiny, infiniplex_forest_lined_2,
          infiniplex_forest_lined_room_2, infiniplex_forest_straight_4,
          infiniplex_forest_clump_diagonal, infiniplex_forest_straight_1,
          infiniplex_forest_end_2, basic_ecumenical_altar, serial_shops, shop,
          roderic_lattice_a
D:2:      layout_basic, nicolae_the_louvre
D:3:      layout_basic, minmay_fractal_squares_5
D:4:      layout_cave_pools, serial_shops, nicolae_shop_just_a_little_nook,
          uniq_duvessa
D:5:      layout_basic, grunt_dithmenos_shadows, mainiacjoe_overflow_brackets,
          hellmonk_overflow_destroyed_library, serial_shops, shop_statue
D:6:      layout_loops_ring, okawaru_trees_1
D:7:      layout_basic, kennysheep_mini, minmay_temple_entry_overgrown,
          uniq_maggie, uniq_pikel
D:8:      layout_loops_ring, nzn_wu_jian_council_hall, dpeg_oklobed_lair
D:9:      layout_loops_ring, serial_ice, serial_ice_i, serial_ice_b,
          serial_ice_e, serial_ice_c, minmay_holes
D:10:     layout_rooms, fiery_altar_vehumet, nicolae_qazlal_eye_of_the_storm,
          nemelex_diamond_rough_becter, hellmonk_guarded_unrand_lears,
          uniq_maurice, uniq_fannar, uniq_sonja
Temple:   chequers_temple_sunken

Skill      XL: |  1  2  3  4  5  6  7  8  9 10 |
---------------+-------------------------------+-----
Axes           | 3 4 5 6 7 8 9 |  9.8
Shields        | 4 5 6 7 8 9 |  9.4
Fighting       | 4 5 6 7 8 9 |  9.4
Armour         | 4 5 6 7 8 9 |  9.4
Conjurations   | 1 3 |  3.4
Spellcasting   | 1 3 |  3.0

Action                     |  1- 3 |  4- 6 |  7- 9 | 10-12 || total
---------------------------+-------+-------+-------+-------++-------
  Melee: War axe           |    86 |   179 |   330 |   146 ||   741
  Evoke: Wand              |       |       |       |     1 ||     1
    Use: Scroll            |       |     7 |     7 |     5 ||    19
         Potion            |       |       |     2 |     7 ||     9
 Armour: Scale mail        |    46 |   186 |   233 |       ||   465
         Chain mail        |       |       |    39 |   235 ||   274
         Skin              |       |       |       |    23 ||    23
  Dodge: Dodged            |    43 |    91 |   145 |    88 ||   367
  Block: Buckler           |    27 |    38 |    82 |    83 ||   230

Table legend: (Time is in decaauts)
 A = Elapsed time spent in this place.
 B = Non-inter-level travel time spent in this place.
 C = Inter-level travel time spent in this place.
 D = Time resting spent in this place.
 E = Time spent auto-exploring this place.
 F = Levels seen in this place.
 G = Mean time per level.
                   A        B        C        D        E       F      G
               +--------+--------+--------+--------+--------+-----+--------+
         Total |  10868 |  10404 |    464 |   1261 |   7304 |  11 |  988.0 |
       Dungeon |  10848 |  10391 |    457 |   1261 |   7304 |  10 | 1084.8 |
        Temple |     20 |     13 |      7 |      0 |      0 |   1 |   20.0 |
               +--------+--------+--------+--------+--------+-----+--------+

Top non-repeatable levels by time:
     D:9: 1839 daAuts
     D:8: 1384 daAuts
     D:7: 1349 daAuts
     D:3: 1224 daAuts
     D:2: 1191 daAuts
     D:5: 1028 daAuts
     D:1: 941 daAuts
     D:6: 905 daAuts
     D:4: 674 daAuts
    D:10: 308 daAuts
  Temple: 20 daAuts
